 Dungeon Crawl Stone Soup version 0.29-a0-870-g2c972031a6 (webtiles) character file.

Game seed: 3048371719962455181

364 Iscandelvey the Chopper (level 6, -10/52 HPs)
             Began as a Hill Orc Gladiator on July 17, 2022.
             Mangled by an ogre
             ... wielding a +0 giant spiked club
              (23 damage)
             ... on level 4 of the Dungeon.
             The game lasted 00:05:33 (2884 turns).

Iscandelvey the Chopper (Hill Orc Gladiator)        Turns: 2884, Time: 00:05:33

Health: -10/52     AC:  5    Str: 17    XL:     6   Next: 67%
Magic:  15/15      EV: 12    Int: 10    God:
Gold:   112        SH:  0    Dex: 12    Spells: 5/5 levels left

rFire   . . .      SeeInvis .   a - +0 war axe
rCold   . . .      Faith    .   (no shield)
rNeg    . . .      Spirit   .   b - +0 leather armour
rPois   .          Reflect  .   l - +1 helmet
rElec   .          Harm     .   (no cloak)
rCorr   .          Rampage  .   (no gloves)
Will    .....                   (no boots)
Stlth   +.........              (no amulet)
HPRegen 0.17/turn               r - ring of magical power
MPRegen 0.14/turn               (no ring)

@: no status effects
A: no striking features
a: no special abilities


You were on level 4 of the Dungeon.
You visited 1 branch of the dungeon, and saw 4 of its levels.
You also visited: Ossuary.

You collected 112 gold pieces.

Inventory:

Hand Weapons
 a - a +0 war axe (weapon)
Missiles
 d - 3 throwing nets (quivered)
 e - a javelin
 i - 5 poisoned darts
 t - 4 boomerangs
Armour
 b - a +0 leather armour (worn)
 l - a +1 helmet (worn)
Jewellery
 r - a ring of magical power (left hand)
 s - an amulet of reflection
Scrolls
 c - a scroll of identify {unknown}
 h - a scroll of vulnerability {unknown}
 o - a scroll of brand weapon {unknown}
 u - a scroll of acquirement {unknown}
Potions
 f - 3 potions of ambrosia {unknown}
 g - a potion of curing {unknown}
 j - a potion of attraction {unknown}
 k - 2 potions of might {unknown}
 m - 2 potions of mutation {unknown}
 n - a potion of lignification {unknown}
 p - a potion of cancellation {unknown}
 q - a potion of haste {unknown}


   Skills:
 * Level 4.2 Fighting
 * Level 7.8 Axes
 + Level 1.7 Throwing
 + Level 2.0 Armour
 + Level 2.8 Dodging
 + Level 0.2 Stealth


You had 5 spell levels left.
You didn't know any spells.
Your spell library was empty.

Dungeon Overview and Level Annotations

Branches:
Dungeon (4/15)            Ossuary (visited)
 Temple: D:4-7

Altars:


Message History

Your Fighting skill increases to level 4!
Your Armour skill increases to level 2!
You start resting.
A kobold comes into view. It is wielding a +0 dagger.
The kobold throws a stone.
The stone hits you but does no damage. The kobold closely misses you.
The kobold hits you but does no damage.
You hit the kobold but do no damage. The kobold hits you but does no damage.
You closely miss the kobold. The kobold barely misses you.
You closely miss the kobold. The kobold barely misses you.
The kobold closely misses you.
You hit the kobold.
The kobold is severely wounded.
The kobold barely misses you.
You hit the kobold but do no damage.
The kobold is severely wounded.
The kobold closely misses you.
You slash the kobold!
You kill the kobold!
Things that are here:
a +0 dagger; 3 stones You start resting.
HP restored.
An ogre comes into view. It is wielding a +0 giant spiked club.
The ogre shouts!
The ogre misses you.
You hit the ogre.
The ogre is moderately wounded.
The ogre hits you with a +0 giant spiked club!
You slash the ogre!
The ogre is heavily wounded.
You slash the ogre!
The ogre is severely wounded.
The ogre hits you with a +0 giant spiked club!!
* * * LOW HITPOINT WARNING * * *
You are too injured to fight recklessly!
You hit the ogre but do no damage.
The ogre is severely wounded.
The ogre hits you with a +0 giant spiked club!!
You die...

..... ......##..
.....####+###....##..
#....................
#....................
#.................... .
#....................
...#....$.........##....
..................#.....
......O@..........#.....
................#..)..รท.
................#.......
................#.......
............###.........
............# #.........
..#...#########.........
..#... ........>....##
.............#


You could see an ogre.

Vanquished Creatures
  A water moccasin (D:4)
  A scorpion (D:4)
  A jelly (D:4)
  A howler monkey (D:4)
  An iguana (D:4)
  A mummy (D:4)
  2 adders (D:4)
  2 worms
  3 dart slugs
  An orc (D:3)
  4 bats
  5 endoplasms
  6 goblins
  6 hobgoblins
  3 jackals
  9 kobolds
  4 ball pythons
  4 frilled lizards
  4 rats
59 creatures vanquished.

Notes
Turn   | Place    | Note
-------+----------+-------------------------------------------
     0 | D:1      | Iscandelvey the Hill Orc Gladiator began the quest for the
                  | Orb.
     0 | D:1      | Reached XP level 1. HP: 18/18 MP: 1/1
   263 | D:1      | Reached XP level 2. HP: 23/25 MP: 2/2
   457 | D:1      | Reached skill level 5 in Axes
   554 | D:1      | Found a faded altar of an unknown god.
   621 | D:1      | Reached XP level 3. HP: 26/30 MP: 3/3
  2248 | D:3      | Reached XP level 4. HP: 32/37 MP: 4/4
  2487 | D:3      | You fall into a shaft and drop 1 floor!
  2492 | D:4      | Found a sand-covered staircase.
  2584 | Ossuary  | Entered an ossuary
  2602 | D:4      | Reached skill level 6 in Axes
  2602 | D:4      | Reached skill level 1 in Armour
  2613 | D:4      | Reached XP level 5. HP: 42/45 MP: 5/5
  2658 | D:4      | Reached skill level 7 in Axes
  2660 | D:4      | Reached XP level 6. HP: 40/52 MP: 6/6
  2673 | D:4      | Noticed a water moccasin
  2684 | D:4      | Killed a water moccasin
  2884 | D:4      | Mangled by an ogre

Illustrated notes

Levels and vault maps discovered:
D:1:      dpeg_arrival_water_fire, layout_basic,
          ebering_ecumenical_altar_petrified, minmay_close_crescents
D:2:      layout_basic
D:3:      layout_basic
D:4:      layout_basic, elyvilon_altar_4, gup_ossuary_entry_pyramid

Skill      XL: |  1  2  3  4  5  6 |
---------------+-------------------+-----
Axes           | 5 6 7 |  7.8
Fighting       | 3 4 |  4.2
Armour         | 1 2 |  2.0
Throwing       | |  1.7
Dodging        | |  2.8
Stealth        | |  0.2

Action                   |  1- 3 |  4- 6 || total
-------------------------+-------+-------++-------
Melee: War axe           |   104 |    57 ||   161
       Punch             |       |     1 ||     1
Armor: Leather armour    |    31 |    19 ||    50
Dodge: Dodged            |    65 |    43 ||   108

Table legend: (Time is in decaauts)
 A = Elapsed time spent in this place.
 B = Non-inter-level travel time spent in this place.
 C = Inter-level travel time spent in this place.
 D = Time resting spent in this place.
 E = Time spent auto-exploring this place.
 F = Levels seen in this place.
 G = Mean time per level.
                   A        B        C        D        E       F      G
               +--------+--------+--------+--------+--------+-----+--------+
         Total |   2918 |   2842 |     76 |    420 |   1989 |   5 |  583.6 |
       Dungeon |   2915 |   2839 |     76 |    420 |   1989 |   4 |  728.8 |
       Ossuary |      2 |      2 |      0 |      0 |      0 |   1 |    2.0 |
               +--------+--------+--------+--------+--------+-----+--------+

Top non-repeatable levels by time:
     D:1: 1221 daAuts
     D:2: 808 daAuts
     D:3: 485 daAuts
     D:4: 400 daAuts
 Ossuary: 2 daAuts
